 Dungeon Crawl Stone Soup version 0.31-a0-662-g684573625c (webtiles) character file.

Game seed: 12691070805628278524

119 jlumianski the Trooper (level 4, -1/36 HPs)
             Began as a Demonspawn Fighter on Aug 31, 2023.
             Slain by a gnoll
             ... wielding a +0 halberd
              (6 damage)
             ... on level 4 of the Dungeon.
             The game lasted 00:06:26 (2105 turns).

jlumianski the Trooper (Demonspawn Fighter)         Turns: 2105, Time: 00:06:26

Health: -1/36      AC:  6    Str: 18    XL:     4   Next: 73%
Magic:  4/4        EV:  9    Int: 10    God:
Gold:   120        SH: 14    Dex: 14    Spells: 3/3 levels left

rFire   . . .        a - +0 war axe
rCold   . . .        c - +0 buckler
rNeg    . . .        b - +0 scale mail
rPois   .            (no helmet)
rElec   .            e - scarf {+Inv}
rCorr   .            (no gloves)
SInv    .            (no boots)
Will    .....        t - amulet of reflection
Stlth   +            (no ring)
HPRegen 0.26/turn    (no ring)
MPRegen 0.09/turn

%: reflection
@: mighty
A: hooves 1, thin skeletal structure 1, condensation shield
a: Evoke Invisibility


You were on level 4 of the Dungeon.
You visited 1 branch of the dungeon, and saw 5 of its levels.

You collected 120 gold pieces.

Inventory:

Hand Weapons
 a - a +0 war axe (weapon)
 o - a +4 dagger
Missiles
 g - 60 stones
 s - 3 datura-tipped darts
Armour
 b - a +0 scale mail (worn)
 c - a +0 buckler (worn)
 e - a scarf of invisibility (worn)
 u - a +0 cloak
Jewellery
 t - an amulet of reflection (around neck)
Talismans
 l - a beast talisman
 n - a blade talisman
 p - a serpent talisman
Wands
 z - a wand of roots (5)
Scrolls
 f - a scroll of fear
 h - 2 scrolls of amnesia
 i - a scroll of noise {unknown}
 j - a scroll of teleportation {unknown}
 q - a scroll of immolation {unknown}
 y - a scroll of identify {unknown}
Potions
 k - a potion of curing {unknown}
 m - a potion of berserk rage {unknown}
 r - a potion of brilliance {unknown}
 v - a potion of heal wounds {unknown}
 w - a potion of mutation {unknown}
 x - a potion of haste {unknown}
 A - a potion of enlightenment {unknown}


   Skills:
 + Level 3.6 Fighting
 + Level 2.7 Axes
 + Level 3.4 Armour
 + Level 3.1 Shields
 * Level 1.2 Evocations


You had 3 spell levels left.
You didn't know any spells.
Your spell library was empty.

Dungeon Overview and Level Annotations

Branches:
Dungeon (5/15)
 Temple: D:4-7

Altars:


Innate Abilities, Weirdness & Mutations

You have large cloven feet.
You have a somewhat thin skeletal structure. (Dex +2, Stealth+)
A meltable shield of frost defends you. (SH +4)


Message History

You climb downwards.
Found a scroll labelled VECOD SUAQAFF.
There is a stone staircase leading up here.
y - a scroll labelled VECOD SUAQAFF
There is a stone staircase leading up here.
You climb upwards.
There is a stone staircase leading down here.
Found a runed copper wand.
z - a wand of roots (5)
Found a blue potion.
A - a blue potion A gnoll comes into view.
It is wielding a +0 club.
The gnoll shouts!
You hear a shout!
The gnoll moves out of view.
A gnoll comes into view. It is wielding a +0 flail.
You barely miss the gnoll. You kick the gnoll.
The gnoll is heavily wounded.
You closely miss the gnoll.
You hear a shout!
The gnoll hits you but does no damage.
A gnoll comes into view. It is wielding a +0 halberd.
The gnoll hits you with a +0 flail. The gnoll misses you.
The gnoll hits you with a +0 flail.
The gnoll hits you from afar with a +0 halberd.
You feel very mighty all of a sudden. You block the gnoll's attack.
You slash the gnoll!
You kill the gnoll!
The gnoll hits you from afar with a +0 halberd!
Your Shields skill increases to level 3!
You barely miss the gnoll.
The gnoll is heavily wounded.
You block the gnoll's attack. The gnoll barely misses you.
You block the gnoll's attack. The gnoll barely misses you.
You slash the gnoll!
You kill the gnoll!
The gnoll hits you from afar with a +0 halberd!
* * * LOW HITPOINT WARNING * * *
The gnoll hits you with a +0 halberd.
You die...

## #.# # ## .. ..
##################
.#.......#.......#
.#.#####.#.#####.#
.#.#...#.#.# #@#
.#.#.#...#.# #.g.#
##.#.#####.# #####
...#.......#
############


You could see a gnoll.

Vanquished Creatures
  2 gnolls (D:4)
  3 adders (D:2)
  2 worms (D:2)
  A dart slug (D:1)
  An orc (D:3)
  6 endoplasms
  A giant cockroach (D:2)
  6 goblins
  7 hobgoblins
  4 jackals (D:3)
  6 kobolds
  10 ball pythons
  6 bats
  A frilled lizard (D:1)
  6 rats
62 creatures vanquished.

Notes
Turn   | Place    | Note
-------+----------+-------------------------------------------
     0 | D:1      | jlumianski the Demonspawn Fighter began the quest for the
                  | Orb.
     0 | D:1      | Reached XP level 1. HP: 18/18 MP: 1/1
   109 | D:2      | Gained mutation: You have large cloven feet. [demonic
                  | ancestry]
   109 | D:2      | Reached XP level 2. HP: 23/24 MP: 2/2
   373 | D:1      | Gained mutation: You have a somewhat thin skeletal
                  | structure. (Dex +2, Stealth+) [demonic ancestry]
   373 | D:1      | Reached XP level 3. HP: 29/29 MP: 3/3
  1098 | D:2      | Reached skill level 1 in Evocations
  1602 | D:2      | Gained mutation: A meltable shield of frost defends you.
                  | (SH +4) [demonic ancestry]
  1602 | D:2      | Reached XP level 4. HP: 22/35 MP: 4/4
  2017 | D:5      | Entered Level 5 of the Dungeon
  2023 | D:5      | Noticed a scorpion
  2105 | D:4      | Slain by a gnoll

Illustrated notes

Levels and vault maps discovered:
D:1:      psy_arrival_radial02, layout_basic, minmay_misc_feat_roman
D:2:      layout_loops_ring
D:3:      layout_rooms, uniq_grinder
D:4:      layout_loops_ring, mainiacjoe_overflow_chevrons, grunt_ministairs_1,
          patterned_corridor
D:5:      layout_loops_cross, mainiacjoe_overflow_six_doors_small,
          lightli_temple_of_fire, mainiacjoe_overflow_brackets,
          grunt_temple_overflow_open, minmay_shop_grid_forest,
          minmay_misc_feat_plants

Skill      XL: |  1  2  3  4 |
---------------+-------------+-----
Axes           | 2 |  2.7
Armour         | 3 |  3.4
Evocations     | 1 |  1.2
Shields        | 3 |  3.1
Fighting       | |  3.6

Action                     |  1- 3 |  4- 6 || total
---------------------------+-------+-------++-------
  Melee: War axe           |   101 |    31 ||   132
         Kick              |    12 |     4 ||    16
    Use: Scroll            |     2 |       ||     2
         Potion            |       |     1 ||     1
   Stab: Sleeping          |     1 |       ||     1
 Armour: Scale mail        |    65 |    18 ||    83
  Dodge: Dodged            |    51 |     8 ||    59
  Block: Buckler           |    23 |    31 ||    54
         Reflection        |       |     4 ||     4

Table legend: (Time is in decaauts)
 A = Elapsed time spent in this place.
 B = Non-inter-level travel time spent in this place.
 C = Inter-level travel time spent in this place.
 D = Time resting spent in this place.
 E = Time spent auto-exploring this place.
 F = Levels seen in this place.
 G = Mean time per level.
                   A        B        C        D        E       F      G
               +--------+--------+--------+--------+--------+-----+--------+
         Total |   2168 |   2133 |     35 |    183 |   1100 |   5 |  433.6 |
       Dungeon |   2168 |   2133 |     35 |    183 |   1100 |   5 |  433.6 |
               +--------+--------+--------+--------+--------+-----+--------+

Top non-repeatable levels by time:
     D:2: 928 daAuts
     D:1: 860 daAuts
     D:3: 240 daAuts
     D:4: 132 daAuts
     D:5: 6 daAuts
